[Event "*** Titled Tuesday Blitz"]
[Site "Chess.com"]
[Date "2020.12.01"]
[Round "9"]
[White "Luklei18"]
[Black "BJthechessgod"]
[Result "1-0"]
[WhiteElo "2424"]
[BlackElo "2288"]
[TimeControl "180+1"]
[EndTime "11:44:28 PST"]
[Termination "Luklei18 won by resignation"]

1. e4 c5 2. Nf3 Nc6 3. d4 cxd4 4. Nxd4 g6 5. c4 Nf6 6. Nc3 d6 7. Be3 Ng4 8. Nxc6 Nxe3 9. Nxd8 Nxd1 10. Rxd1 Kxd8 11.
c5 Be6 12. cxd6 exd6 13. e5 Rc8 14. g3 a6 15. Bg2 Kc7 16. exd6+ Bxd6 17. Bxb7 Rhe8 18.
Bxc8 Bd5+ 19. Kd2 Bxh1 20. Rxh1 Kxc8 21. Re1 Rd8 22. Kc2 Kd7 23. Rd1 Ke6 24. Rd5 Rc8 25. Ra5 Rc6 26. Kd3 Bc7 27. Ra4 f5 28. Rc4 Rd6+ 29.
Ke2 Bb6 30. Rc8 Bd8 31. Na4 Bg5 32. f4 Bf6 33. Rc7 h5 34. b3 Kd5 35. Rb7 Ke4 36.
Rb6 Rxb6 37. Nxb6 Bd4 38. Nc4 Bg1 39. Nd2+ Kd5 40. Nf3 Bc5 41. Kd3 Bd6 42. Kc3 Kc5 43. b4+ Kb5 44. Nd4+ Ka4 45. Nc2 Bc7 46. Nd4 Bd6 47. Nc6 Kb5 48. Ne5 g5 49. Nf7 gxf4 50. Nxd6+ Kc6 51. Nxf5 f3 52. Ne3 f2 53. Nf1 1-0

[Event "*** Titled Tuesday Blitz"]
[Site "Chess.com"]
[Date "2020.12.01"]
[Round "9"]
[White "Trickov"]
[Black "TrenerChos"]
[Result "0-1"]
[WhiteElo "2330"]
[BlackElo "2204"]
[TimeControl "180+1"]
[EndTime "11:44:28 PST"]
[Termination "TrenerChos won on time"]

1. d4 c5 2. c4 cxd4 3. Qxd4 Nc6 4. Qd1 Nf6 5. Nc3 e6 6. Nf3 Be7 7. g3 a6 8. Bg2 O-O 9. O-O d5 10. cxd5 exd5 11. Nd4 Be6 12. h3 Bc5 13. Nb3 Ba7 14.
Bg5 h6 15. Bxf6 Qxf6 16. Nxd5 Qxb2 17. Nc7 Rad8 18. Qc1 Qxe2 19. Nc5 Bxc5 20. Qxc5 Qc4 21. Qb6 Qb4 22. Qxb4 Nxb4 23. Nxe6 fxe6 24. Bxb7 Rf7 25.
Bg2 Rc7 26. a3 Nc2 27. Rac1 Rc4 28. Be4 Nxa3 29. Rxc4 Nxc4 30. Rc1 Rd4 31. Bg2 a5 32. Bf1 Nd2 33. Rc8+ Kf7 34. Ra8 a4 35. Bg2 Kf6 36.
Bc6 Nb3 37. Bxa4 Nc5 38. Bc6 Rd6 0-1

[Event "*** Titled Tuesday Blitz"]
[Site "Chess.com"]
[Date "2020.12.01"]
[Round "9"]
[White "German_Bazeev"]
[Black "banane_verte"]
[Result "1-0"]
[WhiteElo "2719"]
[BlackElo "2502"]
[TimeControl "180+1"]
[EndTime "11:44:29 PST"]
[Termination "German_Bazeev won by checkmate"]

1. d4 Nf6 2. Nf3 d5 3. c4 e6 4. g3 Be7 5. Bg2 O-O 6. O-O dxc4 7. Qc2 a6 8. Rd1 Nbd7 9. Ne5 c5 10. dxc5 Qc7 11.
Nxc4 Bxc5 12. Bf4 e5 13. Be3 Bxe3 14. Nxe3 Qxc2 15. Nxc2 Rb8 16. Nc3 b5 17. Nb4 Nc5 18.
Rac1 Bb7 19. Bxb7 Rxb7 20. Ncd5 Nxd5 21. Rxd5 Na4 22. b3 Nb6 23. Rxe5 f6 24. Rec5 Re8 25. Kf1 a5 26. Nd3 Nd7 27. Rc7 Reb8 28. Rxb7 Rxb7 29. Rc8+ Kf7 30. Ra8 a4 31. bxa4 bxa4 32. Rxa4 Rb1+ 33. Kg2 Ra1 34. Ra7 Ke6 35. Nf4+ Kd6 36. a4 g5 37. Nh5 Ra2 38. e3 Nc5 39. Nxf6 h6 40. a5 Ke6 41.
Ng4 Ne4 42. Rh7 Rxa5 43. Rxh6+ Kf7 44. h3 Kg7 45. Re6 Ra3 46. Re7+ Kf8 47. Rxe4 Ra2 48. Re5 Kg7 49. Rxg5+ Kh7 50. Rf5 Kg6 51. Rf3 Kg5 52.
Nh2 Kg6 53. h4 Kh5 54. g4+ Kxh4 55. Rf5 Rxf2+ 56. Kxf2 Kh3 57. Rh5# 1-0

[Event "*** Titled Tuesday Blitz"]
[Site "Chess.com"]
[Date "2020.12.01"]
[Round "9"]
[White "maximnovik"]
[Black "Forantes"]
[Result "1-0"]
[WhiteElo "2546"]
[BlackElo "2388"]
[TimeControl "180+1"]
[EndTime "11:44:30 PST"]
[Termination "maximnovik won by checkmate"]

1. d4 Nf6 2. Bg5 d5 3. Bxf6 exf6 4. e3 Bd6 5. Bd3 f5 6. Qf3 f4 7. exf4 O-O 8. Nd2 c6 9. Ne2 Nd7 10. O-O Nf6 11. h3 Qc7 12. Rfe1 Re8 13. Nf1 Bd7 14. Ne3 Ne4 15. c3 Re7 16. Ng3 Rae8 17. Nef5 Bxf5 18. Nxf5 Re6 19. g3 Nd2 20. Qg4 Rxe1+ 21. Rxe1 Rxe1+ 22. Kg2 g6 23. Ne3 Ne4 24. f5 Rxe3 25. fxe3 Qe7 26. fxg6 hxg6 27. h4 Qf6 28. Bxe4 dxe4 29. Qxe4 Qe6 30.
Qxe6 fxe6 31. Kf3 Kf7 32. g4 Kf6 33. g5+ Kf7 34. Kg4 Bh2 35. Kf3 Bg1 36. e4 e5 37.
d5 cxd5 38. exd5 Ke7 39. Ke4 Bh2 40. h5 gxh5 41. g6 h4 42. d6+ Kf6 43. g7 Kxg7 44. d7 h3 45. d8=Q Bf4 46. Qe7+ Kg6 47. Qe6+ Kg5 48.
Qxh3 Kf6 49. Qf5+ Ke7 50. Kd5 Kd8 51. Qf7 Kc8 52. Ke6 e4 53. Qd7+ Kb8 54. Qd8# 1-0

[Event "*** Titled Tuesday Blitz"]
[Site "Chess.com"]
[Date "2020.12.01"]
[Round "9"]
[White "Azerichess"]
[Black "AlexeiShirov"]
[Result "1-0"]
[WhiteElo "2968"]
[BlackElo "2848"]
[TimeControl "180+1"]
[EndTime "11:44:31 PST"]
[Termination "Azerichess won by resignation"]

1. d4 d5 2. c4 c6 3. Nf3 Nf6 4. Qb3 dxc4 5. Qxc4 Bg4 6. Nbd2 Nbd7 7. g3 e6 8. Bg2 Be7 9. O-O O-O 10. Qb3 Qb6 11. Nc4 Qxb3 12. axb3 Bxf3 13. Bxf3 Nd5 14. Na5 Rab8 15.
Bxd5 cxd5 16. Bf4 Ra8 17. Nxb7 g5 18. Bd2 Rfb8 19. Na5 Bf6 20. e3 e5 21. dxe5 Nxe5 22. Bc3 Nf3+ 23. Kg2 Bxc3 24. bxc3 g4 25. Rfd1 Rb5 26.
b4 Rc8 27. Ra3 h5 28. h3 Kg7 29.
hxg4 hxg4 30. Kf1 Ng5 31. Ke2 Ne4 32. Rd3 Rh8 33. Nc6 Rh2 34. Rd1 Nxf2 35. Rf1 Ne4+ 36. Ke1 Nxg3 37. Rg1 Re2+ 38. Kd1 Rxe3 39. Nd4 Rxb4 40.
Rxg3 Rxg3 41. Nf5+ Kg6 42. Nxg3 Rc4 43. Ne2 f5 44.
Ra6+ Kg5 45. Rxa7 f4 46. Rg7+ Kf6 47. Rxg4 f3 48. Rf4+ Rxf4 49. Nxf4 Ke5 50. Nd3+ Kf5 51. Kd2 Ke4 52. Nf2+ Kf4 53. Kd3 Kg3 54. Ke3 Kg2 55. Nd3 Kg3 56. Kd4 f2 57. Nxf2 1-0

[Event "*** Titled Tuesday Blitz"]
[Site "Chess.com"]
[Date "2020.12.01"]
[Round "9"]
[White "ChelsieMonica"]
[Black "Agibileg"]
[Result "1-0"]
[WhiteElo "2396"]
[BlackElo "2509"]
[TimeControl "180+1"]
[EndTime "11:44:31 PST"]
[Termination "ChelsieMonica won by resignation"]

1. c4 Nf6 2. Nf3 g6 3. g3 Bg7 4.
Bg2 O-O 5. O-O d6 6. d4 Nbd7 7. d5 c5 8. dxc6 bxc6 9. Nd4 Ba6 10. Nxc6 Qe8 11. Nb4 Bxc4 12. Bxa8 Qxa8 13. Nc3 Ne5 14.
Bg5 Bxe2 15. Nxe2 Nf3+ 16. Kh1 Nxg5+ 17. f3 Nxf3 18. Nf4 Nd2+ 19. Kg1 Nxf1 20. Qxf1 e5 21. Ne2 d5 22. Rc1 d4 23. Nc6 Ne4 24. Qf3 f5 25. Qb3+ Kh8 26. Ne7 Nd2 27. Qd3 Nf3+ 28. Kf2 e4 29. Qa6 d3 30. Nf4 Bd4+ 31. Kg2 d2 32.
Nfxg6+ hxg6 33. Qxg6 Nh4+ 34. gxh4 Rg8 35. Nxg8 Qxg8 36.
Qxg8+ Kxg8 37. Rd1 Be3 38. Kf1 Kg7 39. Ke2 f4 40. b4 Kh6 41. a4 Kh5 42. b5 Kxh4 43. a5 Kh3 44. b6 axb6 45. a6 b5 46. Rxd2 Bc5 47. Rd5 f3+ 48. Kf1 Bb6 49. Rh5+ Kg4 50. Rxb5 Bd4 51. Rb4 Ba7 52. Rxe4+ Kh3 53. Re7 Bb6 54.
a7 Bxa7 55. Rxa7 Kxh2 56. Rf7 Kg3 57. Rf8 f2 58. Rxf2 Kg4 59. Ke2 1-0

[Event "*** Titled Tuesday Blitz"]
[Site "Chess.com"]
[Date "2020.12.01"]
[Round "9"]
[White "hleol"]
[Black "Savagelittlemole"]
[Result "0-1"]
[WhiteElo "2327"]
[BlackElo "2528"]
[TimeControl "180+1"]
[EndTime "11:44:31 PST"]
[Termination "Savagelittlemole won by resignation"]

1. d4 Nf6 2. c4 c5 3. d5 b5 4.
cxb5 a6 5. b6 d6 6. Nc3 g6 7. e4 Bg7 8. a4 Qxb6 9. f4 O-O 10.
Nf3 e6 11. dxe6 Bxe6 12. Be2 Qb7 13. e5 dxe5 14. fxe5 Nfd7 15. O-O Nc6 16. Ne4 Ncxe5 17. Nxe5 Bxe5 18. Bf3 Qb6 19. Ng5 Bd4+ 20. Kh1 Rad8 21. Nxe6 Qxe6 22. Bh6 Bg7 23. Re1 Qf6 24. Bxg7 Kxg7 25. Qe2 Rfe8 26. Qc4 Ne5 27. Qc3 Nxf3 28. Qxf6+ Kxf6 29. gxf3 Rxe1+ 30. Rxe1 Rd2 31. Rc1 Rxb2 32. Rxc5 Rf2 33. Rc6+ Ke5 34. Rxa6 Rxf3 35. Kg2 Ra3 36. Ra7 f5 37. Rxh7 Rxa4 38. Rg7 Kf6 39. Rc7 Kg5 40. Rc3 Rg4+ 41. Kf2 Kh4 42. Rb3 Ra4 43. Rg3 g5 44.
Rc3 Ra2+ 45. Kg1 f4 46. Rb3 g4 47. Rb8 Kg5 48. Rg8+ Kf5 49. Rf8+ Ke4 50. Rg8 Kf3 51. h4 g3 0-1

[Event "*** Titled Tuesday Blitz"]
[Site "Chess.com"]
[Date "2020.12.01"]
[Round "9"]
[White "zverr1"]
[Black "underdogchss"]
[Result "1-0"]
[WhiteElo "2481"]
[BlackElo "2355"]
[TimeControl "180+1"]
[EndTime "11:44:33 PST"]
[Termination "zverr1 won by checkmate"]

1. d4 Nf6 2. c4 e6 3. Nc3 Bb4 4. Nf3 O-O 5. Bd2 d5 6. e3 c5 7. a3 Bxc3 8. Bxc3 cxd4 9. Qxd4 Nc6 10. Qh4 Ne4 11. Qxd8 Rxd8 12. cxd5 exd5 13. Nd4 Bd7 14. Be2 Nxc3 15. bxc3 Rac8 16. Rb1 b6 17. Nxc6 Rxc6 18. Kd2 Bf5 19. Bd3 Be4 20. f3 Kf8 21. Rhc1 Rc5 22.
Rb4 Bxd3 23. Kxd3 Rdc8 24. c4 b5 25. Rcb1 dxc4+ 26. Kc3 a6 27. a4 Rb8 28. Kd4 Rh5 29. h3 Rd8+ 30. Ke4 Rdd5 31. f4 Rc5 32. Kf3 Rhd5 33.
e4 Rd3+ 34. Ke2 Rd4 35. Ke3 Rd3+ 36. Ke2 Rg3 37. Kf2 Rd3 38. axb5 axb5 39. Rxb5 Rxb5 40. Rxb5 Rd2+ 41. Kf3 Rc2 42. Rb7 c3 43. Rc7 Ke8 44. e5 Kd8 45. Rc4 Rc1 46. g4 c2 47. Kg2 Ke7 48. f5 Rh1 49. Kxh1 c1=Q+ 50. Rxc1 g6 51. Ra1 gxf5 52. gxf5 f6 53. Ra7+ Kf8 54. e6 Ke8 55. Kg2 h5 56. Kf3 h4 57. Ke4 Kd8 58. Kd5 Kc8 59.
e7 Kb8 60. Rd7 Kc8 61. e8=Q# 1-0

[Event "*** Titled Tuesday Blitz"]
[Site "Chess.com"]
[Date "2020.12.01"]
[Round "9"]
[White "ARTHURMOTIVATOR"]
[Black "CoachHakia"]
[Result "1-0"]
[WhiteElo "2224"]
[BlackElo "2139"]
[TimeControl "180+1"]
[EndTime "11:44:33 PST"]
[Termination "ARTHURMOTIVATOR won on time"]

1. e4 d5 2. exd5 Qxd5 3. Nc3 Qa5 4. d4 Nf6 5. Bc4 Bf5 6. Ne2 c6 7. O-O e6 8. Ng3 Bg6 9. f4 Nbd7 10. f5 exf5 11. Qe2+ Kd8 12. Bf4 Bb4 13. Qf3 h5 14. Bg5 h4 15. Nxf5 Bxf5 16. Qxf5 Qxf5 17. Rxf5 h3 18.
Bxf7 hxg2 19. Ne4 Be7 20. Ng3 Ng4 21. Bxe7+ Kxe7 22. Re1+ Kd8 23. Rg5 Nxh2 24. Kxg2 Nf6 25. Rxg7 Nhg4 26. Rh1 Rxh1 27. Nxh1 a5 28. Nf2 Nxf2 29.
Kxf2 a4 30. a3 Ra5 31. Ke3 Rf5 32. Bg6 Rf1 33. c4 Rg1 34. Kf2 Rg4 35. Ke3 Rg1 36.
Kf4 b5 37. Ke5 Nh5 38. Rg8+ Kd7 39. Bf7 Rxg8 40. Bxg8 Ng7 41. cxb5 cxb5 42. d5 Ne8 43. Be6+ Kc7 44. Kd4 Nd6 45. Kc5 Ne4+ 46. Kxb5 Nd6+ 47. Kxa4 Kb6 48. Kb4 Ne4 49. b3 Nc5 50. a4 Na6+ 51. Kc4 Nc5 52. a5+ 1-0

[Event "*** Titled Tuesday Blitz"]
[Site "Chess.com"]
[Date "2020.12.01"]
[Round "9"]
[White "Man-Chuk"]
[Black "StephenDedalus83"]
[Result "0-1"]
[WhiteElo "2860"]
[BlackElo "2727"]
[TimeControl "180+1"]
[EndTime "11:44:36 PST"]
[Termination "StephenDedalus83 won by resignation"]

1. c4 g6 2. Nc3 Bg7 3. d4 d6 4.
e4 Nf6 5. Nf3 O-O 6. Be2 e5 7.
O-O Nc6 8. Be3 Ng4 9. Bg5 f6 10. Bh4 g5 11. Bg3 Nh6 12. dxe5 dxe5 13. Qa4 g4 14.
Rfd1 Bd7 15. Ne1 Nd4 16. Qa3 Rf7 17. c5 Be6 18. Bf1 Bf8 19. Nb5 Rd7 20. Nxd4 Rxd4 21. Be2 Nf7 22. Qc3 Ng5 23. Rxd4 Qxd4 24. Qxd4 exd4 25. Rc1 Nxe4 26. c6 Nxg3 27. hxg3 b6 28.
Bc4 Kf7 29. Nd3 Bxc4 30. Rxc4 Rd8 31. b4 a6 32. Rc2 Ke6 33. Kf1 Bd6 34. Ke2 Kd5 35.
Kd2 h5 36. Rc1 Rh8 37. a4 h4 38. gxh4 Rxh4 39. b5 axb5 40. axb5 Rh8 41. Ra1 f5 42. g3 Rh2 43. Rg1 Kc4 44. Rb1 Bxg3 45. Rb4+ Kd5 46.
Ke2 Bd6 47. Rb1 g3 48. Kf3 gxf2 49. Nxf2 Kc4 50. Rb2 d3 51. Rb1 d2 52. Rd1 Kxb5 53.
Rxd2 Bc5 54. Rc2 Rxf2+ 55. Rxf2 Bxf2 56. Kxf2 0-1

[Event "*** Titled Tuesday Blitz"]
[Site "Chess.com"]
[Date "2020.12.01"]
[Round "9"]
[White "azikom"]
[Black "ChristopherYoo"]
[Result "1/2-1/2"]
[WhiteElo "2653"]
[BlackElo "2850"]
[TimeControl "180+1"]
[EndTime "11:44:36 PST"]
[Termination "Game drawn by 50-move rule"]

1. d4 Nf6 2. Nf3 e6 3. c4 d5 4. Nc3 dxc4 5. e3 a6 6. Bxc4 b5 7. Be2 c5 8. O-O Bb7 9. dxc5 Qxd1 10.
Rxd1 Bxc5 11. b3 Nbd7 12. Bb2 Rc8 13. Rac1 Be7 14. Ne1 O-O 15. Bf3 Bxf3 16. Nxf3 Nc5 17. Ne2 Nd5 18. Nfd4 Nb4 19. a3 Nbd3 20. Rb1 Nxb2 21.
Rxb2 Bf6 22. Rc2 e5 23. Rdc1 exd4 24. exd4 Nxb3 25. Rxc8 Nxc1 26. Rxc1 Rd8 27. Rc6 Kf8 28. Rxa6 Bxd4 29. Nxd4 Rxd4 30. g3 Rd2 31. Ra7 Ra2 32.
Rb7 Rxa3 33. Rxb5 g6 34. h4 h5 35. Kg2 Kg7 36. Rb6 Ra4 37. Rc6 Rb4 38. Ra6 Rb5 39.
Rc6 Rb3 40. Ra6 Rc3 41. Rb6 Rc4 42. Ra6 Rd4 43. Rb6 Rd3 44. Ra6 Rd7 45. Rb6 f6 46. Ra6 Kf7 47. Rb6 Rc7 48. Ra6 Rb7 49. Rc6 Kg7 50.
Ra6 Rd7 51. Rb6 Re7 52. Ra6 Rf7 53. Rb6 Ra7 54. Rc6 Kf7 55. Rb6 Ra5 56. Rc6 Re5 57. Rb6 Re7 58. Ra6 Rd7 59. Rb6 Rc7 60. Ra6 Kg7 61. Rb6 Rd7 62. Ra6 Re7 63. Rb6 Kf7 64.
Ra6 Rc7 65. Rb6 Rc5 66. Ra6 Re5 67. Rb6 Ke7 68. Ra6 Rb5 69. Ra7+ Ke6 70. Ra6+ Kf5 71.
Ra2 Rc5 72. Ra3 Rb5 73. Rf3+ Ke6 74. Re3+ Kf7 75. Rf3 Rb6 76. Re3 Rc6 77. Rf3 Rc5 78.
Re3 Rc7 79. Rf3 Rb7 80. Re3 Ra7 81. Rf3 Ra5 82. Re3 Rd5 83. Rf3 Ke6 84. Re3+ Re5 85. Rf3 Ke7 86. Rd3 Kf7 87. Rf3 Re7 88. Rd3 Kg7 89. Rf3 Rf7 90. Rd3 Rb7 91. Rf3 Kf7 92. Rd3 Re7 93. Rf3 Re5 94. Rd3 Ke6 95. Rf3 Rf5 1/2-1/2

[Event "*** Titled Tuesday Blitz"]
[Site "Chess.com"]
[Date "2020.12.01"]
[Round "9"]
[White "Vuk2000"]
[Black "bazar-wokzal"]
[Result "0-1"]
[WhiteElo "2697"]
[BlackElo "2550"]
[TimeControl "180+1"]
[EndTime "11:44:36 PST"]
[Termination "bazar-wokzal won by resignation"]

1. d4 Nf6 2. Bg5 e6 3. e4 h6 4. Bxf6 Qxf6 5. c3 d5 6. Bd3 c5 7. Nf3 Nc6 8. O-O cxd4 9. cxd4 dxe4 10. Bxe4 Bd7 11. Nc3 Bd6 12. d5 Ne5 13. dxe6 Qxe6 14.
Re1 O-O 15. Bxb7 Rab8 16. Nxe5 Bxe5 17. Qh5 Rxb7 18. Rxe5 Qf6 19. Nd5 Qd6 20. Rd1 Kh8 21. Nc3 Qf6 22. Qe2 Bg4 23. f3 Qb6+ 24. Re3 Be6 25.
b3 Rc8 26. Ne4 Rbc7 27. Qe1 Rc2 28. Kh1 Rxa2 29. b4 Rcc2 30. Red3 Rxg2 31. Qh4 Rxh2+ 32. Qxh2 Rxh2+ 33. Kxh2 Qxb4 34. Rd8+ Kh7 35. Kg3 a5 36. R8d4 Qb8+ 37. Nd6 a4 38. Rxa4 Bb3 39. Rad4 Bxd1 40. Rxd1 g5 41. Kf2 Qb2+ 42. Ke3 Qb6+ 43. Ke2 Kg6 44.
Ne4 Qb5+ 45. Ke3 f5 46. Nf2 Qc5+ 47. Ke2 Qc4+ 48. Nd3 g4 49. Ke3 Kg5 50. f4+ Kf6 51. Ne5 Qe4+ 52. Kd2 Qxf4+ 0-1

[Event "*** Titled Tuesday Blitz"]
[Site "Chess.com"]
[Date "2020.12.01"]
[Round "9"]
[White "Ranindu2003"]
[Black "CalinGheorghiu"]
[Result "1-0"]
[WhiteElo "2604"]
[BlackElo "2406"]
[TimeControl "180+1"]
[EndTime "11:44:36 PST"]
[Termination "Ranindu2003 won on time"]

1. e4 c5 2. Nf3 d6 3. d4 cxd4 4. Nxd4 Nf6 5. Nc3 a6 6. Be3 e5 7.
Nb3 Be6 8. f3 Be7 9. Qd2 O-O 10.
O-O-O a5 11. a4 Nc6 12. Bb5 Nb4 13. Qf2 Qc8 14. Kb1 d5 15. exd5 Bf5 16. Na1 Rd8 17. g4 Bg6 18. Bb6 Rxd5 19. Nxd5 Nfxd5 20. h4 Nxc2 21. Nxc2 Nb4 22. Rd2 Qe6 23. h5 Rc8 24. Bc5 Bxc2+ 25.
Rxc2 Qa2+ 26. Kc1 Qa1+ 27. Kd2 Qxh1 28. Bxb4 Bxb4+ 29. Ke3 Bc5+ 30. Ke4 Qb1 31. Bd3 f5+ 32. gxf5 Rd8 33. Qxc5 Qe1+ 34. Qe3 Qh4+ 35. f4 exf4 36. Qf3 Re8+ 37. Kd5 Rd8+ 38. Kc4 Qe1 39. Kb3 Qb4+ 40.
Ka2 Qxa4+ 41. Kb1 Qb4 42. Bc4+ Kh8 43. Qxf4 Qe1+ 44. Rc1 Qb4 45. f6 g5 46. Qxg5 Qf8 47. f7 Qg7 48. Qxd8+ 1-0

[Event "*** Titled Tuesday Blitz"]
[Site "Chess.com"]
[Date "2020.12.01"]
[Round "9"]
[White "Nils_03"]
[Black "Perecke"]
[Result "0-1"]
[WhiteElo "2258"]
[BlackElo "2383"]
[TimeControl "180+1"]
[EndTime "11:44:36 PST"]
[Termination "Perecke won by checkmate"]

1. d4 d5 2. c4 e6 3. Nc3 Nf6 4. cxd5 exd5 5. Bg5 Be7 6. e3 O-O 7. Bd3 Re8 8. Nf3 h6 9. Bh4 c6 10. O-O Ne4 11. Bxe7 Qxe7 12. Qc2 Nd7 13. b4 a6 14.
a4 Qxb4 15. Nxe4 dxe4 16. Bxe4 Nf6 17. Bd3 Qe7 18. Ne5 Nd7 19. Nc4 c5 20. d5 Rb8 21.
a5 Ne5 22. Bh7+ Kh8 23. Nxe5 Qxe5 24. Rad1 Bg4 25. Rd2 g6 26. Bxg6 fxg6 27. Qxg6 Qg7 28. Qxg7+ Kxg7 29. f3 Bh5 30. e4 b5 31. axb6 Rxb6 32. Rc1 Rc8 33. Rdc2 Rb5 34. Kf2 Kf6 35. Ke3 a5 36. f4 a4 37. e5+ Ke7 38. h3 a3 39. g4 Bf7 40. e6 Be8 41. Ke4 c4 42.
Rxc4 Rxc4+ 43. Rxc4 a2 44. Rc7+ Kd6 45. Ra7 Rb4+ 46.
Kf5 Ra4 47. Rb7 a1=Q 48. Rb6+ Kc7 49. Rb3 Qd4 50. d6+ Kxd6 51. g5 Qxf4# 0-1

[Event "*** Titled Tuesday Blitz"]
[Site "Chess.com"]
[Date "2020.12.01"]
[Round "9"]
[White "GukeshDommaraju"]
[Black "TimurGareyev"]
[Result "1-0"]
[WhiteElo "2898"]
[BlackElo "2693"]
[TimeControl "180+1"]
[EndTime "11:44:37 PST"]
[Termination "GukeshDommaraju won on time"]

1. d4 Nf6 2. Nf3 c5 3. d5 b5 4. Bg5 Ne4 5. Bh4 Bb7 6. e3 g6 7. c3 a6 8. a4 b4 9. c4 Bg7 10. Nbd2 f5 11. Qc2 Nxd2 12. Nxd2 O-O 13. Be2 Qe8 14. O-O e5 15. dxe6 dxe6 16. Bf3 Bxf3 17.
Nxf3 Nc6 18. Rad1 b3 19. Qxb3 Rb8 20. Qa3 Nb4 21. Bg3 e5 22. Rd2 h6 23. h3 f4 24.
exf4 exf4 25. Bh2 g5 26. Re1 Qf7 27. Qb3 Nc6 28. Qd1 Qxc4 29. Rd6 Rfd8 30. Rxd8+ Rxd8 31. Qb1 Rd3 32. Rc1 Qd5 33. Ne1 Rd2 34. Qg6 Ne5 35.
Qe8+ Kh7 36. h4 Qd4 37. hxg5 Qxf2+ 38. Kh1 Qh4 39. g6+ Nxg6 40. Nf3 Qd8 41. Qe4 Qd5 42.
Nxd2 Qxd2 43. Rxc5 Qd1+ 44. Bg1 Qf1 45. Rc6 Qxg2+ 46.
Qxg2 Nh4 47. Qe4+ Nf5 48. Qxf5+ 1-0

[Event "*** Titled Tuesday Blitz"]
[Site "Chess.com"]
[Date "2020.12.01"]
[Round "9"]
[White "PlotnikovPavel"]
[Black "Grammnik"]
[Result "1-0"]
[WhiteElo "2479"]
[BlackElo "2348"]
[TimeControl "180+1"]
[EndTime "11:44:39 PST"]
[Termination "PlotnikovPavel won on time"]

1. e4 e6 2. d4 d5 3. Nd2 c5 4. exd5 exd5 5. Ngf3 Nc6 6. Bb5 Nf6 7. O-O a6 8. Bxc6+ bxc6 9. c3 Be7 10. dxc5 Bxc5 11. Re1+ Be7 12. Qe2 Ra7 13. Nd4 Rc7 14.
N2f3 O-O 15. Nxc6 Rxc6 16. Qxe7 Qb6 17. Nd4 Rc7 18. Qe2 Bg4 19. Qc2 Bh5 20. Be3 Bg6 21. Qe2 Re8 22. Qd2 Ne4 23. Bf4 Rb7 24. f3 h6 25.
fxe4 Bxe4 26. Re2 Qc5 27. Rae1 Rb6 28. Be3 Rg6 29. Nf5 Qc4 30. Ng3 Qxa2 31. Bd4 f5 32.
Nxf5 Kh7 33. Ng3 Rge6 34. Nxe4 dxe4 35. Qf4 Qd5 36. Qg3 Rg6 37. Qf4 e3 38. Kh1 Re4 39. Qf3 Qe6 40. Rxe3 Rxe3 41. Qxe3 Qc4 42. Qg1 Qd3 43. Re3 Qc2 44. Rg3 Rxg3 45. hxg3 Qxb2 46. Qe3 Qb1+ 47. Kh2 Qc2 48. Qe5 Qg6 49. c4 Qh5+ 50. Qxh5 1-0

[Event "*** Titled Tuesday Blitz"]
[Site "Chess.com"]
[Date "2020.12.01"]
[Round "9"]
[White "Arseniy_Nesterov"]
[Black "ftorodent"]
[Result "0-1"]
[WhiteElo "2831"]
[BlackElo "2657"]
[TimeControl "180+1"]
[EndTime "11:44:40 PST"]
[Termination "ftorodent won by resignation"]

1. d4 d5 2. c4 e6 3. Nf3 Nf6 4.
Nc3 Be7 5. Bg5 O-O 6. e3 h6 7.
Bh4 b6 8. cxd5 Nxd5 9. Nxd5 exd5 10. Bxe7 Qxe7 11. Rc1 Be6 12. Bd3 c5 13. dxc5 bxc5 14.
O-O Nd7 15. Bb1 Rab8 16. Qc2 g6 17. b3 Rfc8 18. h3 Qf6 19. Qe2 a5 20. Qa6 Ra8 21. Qd6 a4 22. e4 axb3 23. axb3 Rab8 24. exd5 Rb6 25. Qg3 Bxd5 26. Rfd1 Be6 27. Nd2 Qg5 28. Qxg5 hxg5 29. Ne4 Rxb3 30. Ba2 Rb6 31. Bxe6 Rxe6 32.
Nxg5 Re7 33. Nf3 c4 34. Rc3 Ne5 35. Nxe5 Rxe5 36. Rdc1 Rec5 37. f3 Kg7 38. Kf2 Kf6 39.
Ke3 Re5+ 40. Kd4 Rd8+ 41. Kxc4 Re2 42. g4 Kg5 43. Kb3 Rb8+ 44. Kc4 Kf4 45. Rd1 Rc8+ 46. Kb3 Rxc3+ 47. Kxc3 Re3+ 48. Rd3 Rxd3+ 49. Kxd3 Kxf3 50. Kd4 Kg3 51. Ke5 Kxh3 52. g5 Kg4 53. Kf6 Kh5 0-1

[Event "*** Titled Tuesday Blitz"]
[Site "Chess.com"]
[Date "2020.12.01"]
[Round "9"]
[White "nikitadovbnya2008"]
[Black "pavelalexandru07"]
[Result "0-1"]
[WhiteElo "2188"]
[BlackElo "2351"]
[TimeControl "180+1"]
[EndTime "11:44:42 PST"]
[Termination "pavelalexandru07 won by checkmate"]

1. Nf3 g6 2. g3 Bg7 3. Bg2 Nf6 4. O-O O-O 5. c4 d6 6. Nc3 e5 7. d3 Nc6 8. Rb1 Be6 9. b4 Nd7 10. b5 Nd4 11. Nd2 Rb8 12. e3 Nf5 13. Nde4 h6 14. g4 Ne7 15. d4 f5 16. gxf5 gxf5 17. d5 Bf7 18. Ng3 Bg6 19. Bb2 Nf6 20. f4 e4 21. Nce2 Ng4 22. Qd2 Bxb2 23. Rxb2 b6 24. Nd4 Qd7 25. Ne6 Rf7 26. Bh3 h5 27. Qd4 Rc8 28.
Rg2 Re8 29. a4 Nc8 30. Nxe4 fxe4 31. Bxg4 hxg4 32. Rxg4 Rxe6 33. dxe6 Qxe6 34. Rg5 Ne7 35. Rf2 Nf5 36. Qc3 Rh7 37. Rfg2 Rg7 38. Qe1 Kf7 39. h4 Qxc4 40. h5 Bh7 41. Rxg7+ Nxg7 42. Qg3 Qc3 43. h6 Nf5 44. Qg5 Qxe3+ 45. Kh2 Qf3 46. Qg8+ Bxg8 47. Rxg8 Kxg8 48. h7+ Kxh7 49. Kg1 Qxf4 50.
Kg2 e3 51. Kg1 e2 52. Kg2 e1=Q 53. a5 Qff2+ 54. Kh3 Qh1+ 55. Kg4 Qff3+ 56. Kg5 Qh4# 0-1

[Event "*** Titled Tuesday Blitz"]
[Site "Chess.com"]
[Date "2020.12.01"]
[Round "9"]
[White "GMaka"]
[Black "Morshynska"]
[Result "1/2-1/2"]
[WhiteElo "2432"]
[BlackElo "2283"]
[TimeControl "180+1"]
[EndTime "11:44:43 PST"]
[Termination "Game drawn - insufficient material"]

1. d4 d5 2. c4 c6 3. Nf3 Nf6 4. e3 e6 5. Bd3 Nbd7 6. b3 Bd6 7. Bb2 O-O 8. Nbd2 Qe7 9. Ne5 Ba3 10. Qc1 Bxb2 11.
Qxb2 Nxe5 12. dxe5 Nd7 13. O-O f6 14. f4 fxe5 15. fxe5 Rxf1+ 16. Rxf1 Qg5 17. Rf4 Qxe5 18. Qb1 Qxe3+ 19. Rf2 Nf6 20. Nf1 Qd4 21. Qc2 Ng4 22.
Bxh7+ Kh8 23. Bg6 Qxf2+ 24. Qxf2 Nxf2 25. Kxf2 e5 26. Ke3 Be6 27. cxd5 cxd5 28. Ng3 Rc8 29. Kd2 Kg8 30. h4 Kf8 31. h5 Ke7 32. Nf1 Kf6 33. Ne3 d4 34. Nf1 Bf5 35. Bxf5 Kxf5 36. Ng3+ Kg4 37.
Ne4 Kxh5 38. Nd6 Rc7 39. Nb5 Rf7 40. Ke2 a6 41. Nd6 Rc7 42. Kd3 Kg4 43. Ke4 Rc2 44. Nf7 Rxg2 45. Nxe5+ Kg3 46. Ng6 Rxa2 47. Kxd4 Rb2 48.
Kc3 Re2 49. Kd4 a5 50. Nf8 b5 51. Kd3 Re7 52. Kd4 a4 53. bxa4 bxa4 54. Kc3 Kf4 55. Ng6+ Kf3 56. Nxe7 g5 57. Nf5 g4 58. Kb4 Kf4 59.
Nd4 Ke4 60. Ne2 Ke3 61. Ng3 Kf3 62. Nh5 g3 63. Nxg3 Kxg3 64. Kxa4 1/2-1/2

[Event "*** Titled Tuesday Blitz"]
[Site "Chess.com"]
[Date "2020.12.01"]
[Round "9"]
[White "Zmeeed63"]
[Black "Enriquack"]
[Result "0-1"]
[WhiteElo "2384"]
[BlackElo "2294"]
[TimeControl "180+1"]
[EndTime "11:44:43 PST"]
[Termination "Enriquack won on time"]

1. d4 Nf6 2. c4 g6 3. Nc3 d5 4.
Nf3 Bg7 5. Bg5 Ne4 6. cxd5 Nxg5 7. Nxg5 e6 8. Nf3 exd5 9. e3 O-O 10. b4 c6 11. Bd3 Nd7 12. O-O Qe7 13. b5 Re8 14. bxc6 bxc6 15. Rc1 Rb8 16. Qa4 Rb6 17. Qxa7 Bb7 18.
Qa4 Ra8 19. Qc2 Qa3 20. Rb1 Ba6 21. Bxa6 Rbxa6 22. Rb7 Nb6 23. Rb1 Nc4 24. Nd2 Nd6 25. R7b3 Qa5 26. a4 Bf6 27. h3 Kg7 28. Ra3 Be7 29. Ra2 h5 30. Ne2 Qc7 31. Nf4 Bg5 32. Nd3 Bf6 33. Nc5 R6a7 34. Kh1 Nf5 35. Qd3 Bd8 36.
Ndb3 Qe7 37. Rba1 Bc7 38. a5 Qd6 39. g3 h4 40. a6 hxg3 41. f4 Rh8 42. Kg2 Nh4+ 43.
Kxg3 Nf5+ 44. Kh2 Qe7 45. Rg1 Raa8 46. Qxf5 Qxe3 47. Qg4 Bxf4+ 48. Kh1 Rxh3+ 49. Kg2 Rh2+ 50. Kf1 Rxa2 51. Rg2 Rxg2 52. Qxg2 Re8 53. Qf2 Qh3+ 54. Qg2 Re1+ 55. Kxe1 Qxg2 56. a7 Qa2 0-1

[Event "*** Titled Tuesday Blitz"]
[Site "Chess.com"]
[Date "2020.12.01"]
[Round "9"]
[White "Sanyura"]
[Black "Pogosian_Manvel"]
[Result "1-0"]
[WhiteElo "2529"]
[BlackElo "2404"]
[TimeControl "180+1"]
[EndTime "11:44:44 PST"]
[Termination "Sanyura won by resignation"]

1. e4 c6 2. Nf3 d5 3. Nc3 Bg4 4.
h3 Bxf3 5. Qxf3 e6 6. d4 Nd7 7.
Bd3 Ngf6 8. e5 Ng8 9. O-O Ne7 10. Bg5 h6 11. Bh4 Qb6 12. Ne2 c5 13. c3 Nc6 14.
Rfd1 Be7 15. Bxe7 Nxe7 16. Nf4 O-O-O 17. Nh5 Rdf8 18. Nxg7 Rhg8 19. Nh5 cxd4 20. cxd4 Qxd4 21. Rac1+ Kb8 22. Bh7 Qxe5 23. Bxg8 Nxg8 24. Nf4 Ngf6 25. Nd3 Qg5 26. Nc5 Nxc5 27. Rxc5 Ne4 28. Rc2 f5 29. Rdc1 a6 30. Rc7 Rg8 31. g3 Qd2 32. R1c2 Qe1+ 33. Kg2 Nd2 34. Qf4 Qe4+ 35. Qxe4 Nxe4 36. Re7 f4 37. g4 Rg6 38. Rcc7 b5 39. Rb7+ Kc8 40.
Rec7+ Kd8 41. Rh7 Kc8 42. Rbc7+ Kb8 43. Rcf7 Nd6 44. Rf8+ Nc8 45. Rhh8 Kb7 46. Rxc8 e5 47. Rce8 e4 48. Rhf8 f3+ 49. Kg3 Rd6 50. Rf7+ Kb6 51.
Rc8 d4 52. Re7 d3 53. Rc1 d2 54. Rd1 Rd4 55. Kf4 Kc5 56. Rxe4 Rd5 57. Re5 Rxe5 58.
Kxe5 1-0